 Dungeon Crawl Stone Soup version 0.27.1-34-g3ba077fa99 (webtiles) character file.

Game seed: 6335272029899017421

14 lonewolfV2 the Shield-Bearer (level 2, -2/27 HPs)
             Began as a Minotaur Fighter on Jan 6, 2022.
             Slain by a gnoll (6 damage)
             ... on level 1 of the Dungeon.
             The game lasted 00:01:21 (216 turns).

lonewolfV2 the Shield-Bearer (Minotaur Fighter)      Turns: 216, Time: 00:01:21

Health: -2/27      AC:  7    Str: 20    XL:     2   Next: 27%
Magic:  1/1        EV:  7    Int:  5    God:
Gold:   21         SH:  9    Dex:  9    Spells: 1/1 levels left

rFire    . . .     SeeInvis .   a - +0 war axe
rCold    . . .     Faith    .   c - +0 kite shield
rNeg     . . .     Spirit   .   b - +0 scale mail
rPois    .         Reflect  .   (helmet restricted)
rElec    .         Harm     .   (no cloak)
rCorr    .         Rampage  .   (no gloves)
Will     .....                  (no boots)
Stlth    ..........             (no amulet)
HPRegen  0.09/turn              (no ring)
MPRegen  0.07/turn              (no ring)

@: no status effects
A: horns 2, retaliatory headbutt
a: no special abilities


You were on level 1 of the Dungeon.
You visited 1 branch of the dungeon, and saw 1 of its levels.

You collected 21 gold pieces.

Inventory:

Hand Weapons
 a - a +0 war axe (weapon)
Armour
 b - a +0 scale mail (worn)
 c - a +0 kite shield (worn)
Scrolls
 f - a scroll of teleportation {unknown}
 g - a scroll of identify {unknown}
 h - a scroll of immolation {unknown}
Potions
 d - a potion of might
 e - a potion of cancellation {unknown}


   Skills:
 + Level 3.7 Fighting
 + Level 3.0 Axes
 + Level 3.8 Armour
 + Level 3.9 Shields


You had one spell level left.
You didn't know any spells.
Your spell library was empty.

Dungeon Overview and Level Annotations

Branches:
Dungeon (1/15)

Altars:

Shops:
D:1 (


Innate Abilities, Weirdness & Mutations

You have a pair of horns on your head.
You reflexively headbutt those who attack you in melee.


Message History

A rat comes into view.
A rat is nearby!
A rat is nearby!
The rat barely misses you.
You hit the rat.
You kill the rat!
A goblin comes into view. It is wielding a +0 dagger.
The goblin shouts!
A goblin is nearby!
A goblin is nearby!
A gnoll comes into view. It is wielding a +0 spear.
The gnoll shouts!
A quokka comes into view.
The goblin hits you but does no damage. The gnoll closely misses you.
You barely miss the goblin. Your headbutt misses the goblin.
The goblin hits you but does no damage. You block the gnoll's attack.
The goblin barely misses you. The quokka barely misses you.
The gnoll hits you from afar with a +0 spear!
A rat comes into view.
You slash the goblin!
You kill the goblin!
You barely miss the quokka.
The quokka bites you but does no damage.
You block the gnoll's attack. The quokka bites you.
Your Axes skill increases to level 3!
Found 10 gold pieces.
The gnoll hits you from afar with a +0 spear.
You block the quokka's attack.
Things that are here:
a +0 dagger; a goblin corpse The quokka closely misses you.
The gnoll hits you from afar with a +0 spear.
* * * LOW HITPOINT WARNING * * *
The gnoll hits you from afar with a +0 spear.
* * * LOW HITPOINT WARNING * * *
You block the quokka's attack.
You hit the quokka. You headbutt the quokka.
You kill the quokka!
The gnoll hits you from afar with a +0 spear.
You die...

.#### #.#
.... #.#
.># ##.#
..# #..#
# #.## #
##.# #
#..# #
#.## ###
#@# ..# $
#†#
.....#
....###g#
#....#
#....r#
..#.#
#.....#
#.....
#.....#
......
####.##
####.. #.
..


You could see a gnoll and a rat.

Vanquished Creatures
  A dart slug (D:1)
  A giant cockroach (D:1)
  A goblin (D:1)
  4 hobgoblins (D:1)
  A quokka (D:1)
  2 ball pythons (D:1)
  A rat (D:1)
11 creatures vanquished.

Notes
Turn   | Place    | Note
-------+----------+-------------------------------------------
     0 | D:1      | lonewolfV2 the Minotaur Fighter began the quest for the
                  | Orb.
     0 | D:1      | Reached XP level 1. HP: 19/19 MP: 0/0
   108 | D:1      | Reached XP level 2. HP: 27/27 MP: 1/1
   134 | D:1      | Found Ynojierph's Weapon Shoppe.
   216 | D:1      | Slain by a gnoll

Illustrated notes

Levels and vault maps discovered:
D:1:      mrwooster_arrival_statue_3, layout_rooms, serial_shops, shop,
          minmay_lizard_king

Skill      XL: |  1  2 |
---------------+-------+-----
Axes           | 3 |  3.0
Fighting       | |  3.7
Armour         | |  3.8
Shields        | |  3.9

Action                   || total
-------------------------++-------
Melee: War axe           ||    22
       Headbutt          ||     4
Armor: Scale mail        ||    15
Dodge: Dodged            ||    15
Block: Kite shield       ||     9
